 Dungeon Crawl Stone Soup version 0.29-a0-643-ga013cefcf8 (webtiles) character file.

Game seed: 13527066768147096120

23 Rocko1345 the Magician (level 2, -1/19 HPs)
             Began as a Demonspawn Hedge Wizard on June 19, 2022.
             Slain by Terence
             ... wielding a +2 short sword of venom
              (8 damage)
             ... on level 2 of the Dungeon.
             The game lasted 00:09:28 (1744 turns).

Rocko1345 the Magician (Demonspawn Hedge Wizard)    Turns: 1744, Time: 00:09:28

Health: -1/19      AC:  2    Str: 10    XL:     2   Next: 75%
Magic:  1/6        EV: 12    Int: 15    God:
Gold:   54         SH:  0    Dex: 12    Spells: 2/8 levels left

rFire   . . .      SeeInvis +   g - +0 spear
rCold   . . .      Faith    .   (no shield)
rNeg    . . .      Spirit   .   b - +0 robe
rPois   .          Reflect  .   c - +0 hat
rElec   .          Harm     .   (no cloak)
rCorr   .          Rampage  .   (no gloves)
Will    .....                   (no boots)
Stlth   ++........              (no amulet)
HPRegen 0.06/turn               j - ring of see invisible
MPRegen 0.10/turn               (no ring)

@: lethally poisoned (-1 -> -7)
A: demonic guardian 1
a: no special abilities


You were on level 2 of the Dungeon.
You visited 1 branch of the dungeon, and saw 2 of its levels.

You collected 54 gold pieces.

Inventory:

Hand Weapons
 a - a +0 dagger
 e - a +0 mace
 g - a +0 spear (weapon)
Armour
 b - a +0 robe (worn)
 c - a +0 hat (worn)
Jewellery
 j - a ring of see invisible (left hand)
Scrolls
 f - 2 scrolls of identify
Potions
 h - a potion of flight {unknown}
 i - a potion of curing


   Skills:
 + Level 1.8 Dodging
 + Level 1.9 Stealth
 + Level 3.6 Spellcasting
 + Level 1.3 Conjurations
 + Level 1.0 Summonings
 + Level 0.8 Translocations


You had 2 spell levels left.
You knew the following spells:

 Your Spells              Type           Power      Damage    Failure   Level
a - Magic Dart            Conj           24%        1d4       11%         1
b - Slow                  Hex            8%         N/A       19%         1
c - Call Imp              Summ           5%         N/A       19%         2
d - Blink                 Tloc           10%        N/A       21%         2

Your spell library contained the following spells:

 Spells                   Type           Power      Damage    Failure   Level
 Ensorcelled Hibernation  Hex/Ice        4%         N/A       28%         2
 Passwall                 Tmut/Erth      1%         N/A       28%         2
 Conjure Flame            Conj/Fire      4%         6-21      41%         3
 Mephitic Cloud           Conj/Pois/Air  4%         N/A       43%         3
 Swiftness                Air            2%         N/A       50%         3


Dungeon Overview and Level Annotations

Branches:
Dungeon (2/15)

Altars:

Shops:
D:1 (

Annotations:
D:2 Terence


Innate Abilities, Weirdness & Mutations

A weak demonic guardian rushes to your aid.


Message History

Aim: Terence, wielding a +2 short sword of venom and wearing a +0 scale mail (lightly wounded, 100% to hit)
The magic dart hits Terence.
Terence is moderately wounded.
Casting: Magic Dart (safe; 11% risk of failure)
Confirm with . or Enter, or press ? or * to list all spells.
Okay, then.
You feel stable enough to blink again. Terence attacks as you move away!
Terence barely misses you. Terence attacks as you move away!
Terence hits you with a +2 short sword of venom.
You are poisoned.
You feel sick.
Casting: Magic Dart (safe; 11% risk of failure)
Confirm with . or Enter, or press ? or * to list all spells.
You blink.
You feel sick.
You feel better.
Reach: g) +0 spear
Press: ? - help, Dir - move target, f/p - Terence
Aim: Terence, wielding a +2 short sword of venom and wearing a +0 scale mail (lightly wounded, about 37% to evade your +0 spear)
You reach to attack!
You hit Terence but do no damage.
Terence is lightly wounded.
You hit Terence.
Terence is heavily wounded.
Terence hits you with a +2 short sword of venom.
You are poisoned.
You hit Terence but do no damage.
Terence is heavily wounded.
You feel stable enough to blink again.
You feel very sick. Terence closely misses you.
You hit Terence.
Terence is heavily wounded.
You feel sick. Terence screams, "I want your blood!" Terence barely misses you.
You hit Terence but do no damage.
Terence is heavily wounded.
You feel sick.
Terence hits you with a +2 short sword of venom!
You die...

#...........#
##.......##.#
#.........#.#
#.........#.#*
#.........#,,*
#.........##,***
#......>......,**
##..@....###...,***
##.@...##
**#..,,*** #######
**#,,,,, *,,**,
**,,,, ****, **


You could see Terence.

Vanquished Creatures
  A dart slug (D:1)
  2 giant cockroaches (D:1)
  A goblin (D:1)
  2 hobgoblins
  A kobold (D:1)
  3 quokkas (D:1)
  3 bats (D:1)
  2 frilled lizards (D:1)
  4 rats (D:1)
19 creatures vanquished.

Vanquished Creatures (collateral kills)
  A goblin (D:1)
1 creature vanquished.

Grand Total: 20 creatures vanquished

Notes
Turn   | Place    | Note
-------+----------+-------------------------------------------
     0 | D:1      | Rocko1345 the Demonspawn Hedge Wizard began the quest for
                  | the Orb.
     0 | D:1      | Reached XP level 1. HP: 13/13 MP: 4/4
    13 | D:1      | Learned a level 1 spell: Slow
   443 | D:1      | Found Otet's Weapon Shoppe.
   477 | D:1      | Gained mutation: A weak demonic guardian rushes to your
                  | aid. [demonic ancestry]
   477 | D:1      | Reached XP level 2. HP: 19/19 MP: 6/6
  1180 | D:1      | Learned a level 2 spell: Call Imp
  1478 | D:1      | Learned a level 2 spell: Blink
  1710 | D:2      | Noticed Terence
  1744 | D:2      | Slain by Terence

Illustrated notes

Levels and vault maps discovered:
D:1:      minmay_arrival_floating_metal, layout_basic, serial_shops,
          nicolae_shop_temple_entry_statues_fountains, minmay_misc_feat_roman,
          minmay_tetromino_o2
D:2:      layout_rooms, uniq_terence

Action                   || total
-------------------------++-------
Melee: Dagger            ||    12
       Mace              ||     2
       Spear             ||    29
 Cast: Magic Dart        ||    40
       Slow              ||     1
       Blink             ||     5
  Use: Scroll            ||     2
       Potion            ||     2
Armor: Robe              ||    15
Dodge: Dodged            ||    49

Table legend: (Time is in decaauts)
 A = Elapsed time spent in this place.
 B = Non-inter-level travel time spent in this place.
 C = Inter-level travel time spent in this place.
 D = Time resting spent in this place.
 E = Time spent auto-exploring this place.
 F = Levels seen in this place.
 G = Mean time per level.
                   A        B        C        D        E       F      G
               +--------+--------+--------+--------+--------+-----+--------+
         Total |   1782 |   1768 |     14 |    539 |    632 |   2 |  891.0 |
       Dungeon |   1782 |   1768 |     14 |    539 |    632 |   2 |  891.0 |
               +--------+--------+--------+--------+--------+-----+--------+

Top non-repeatable levels by time:
     D:1: 1705 daAuts
     D:2: 76 daAuts
